Map: New Repugnancy LE

Players

XaXa - Winner!

  • Race: Protoss Protoss
  • League: Master
  • Spawn Location: 1:00

Venser

  • Race: Terran Terran
  • League: Diamond
  • Spawn Location: 7:00

VOD

Have the link to the VOD?

Description

Time

  • Played on: Aug. 2, 2019, 5:47 p.m.
  • Length: 10:18
Show
View Real Time Build Order
Export as new Build Order

XaXa Protoss - Winner!

Build Orders: 1 Gate Expand, Oracle Opening, Carriers, Carrier Rush 

Get SALT Encoding   

  12  0:01  Probe  
  13  0:13  Probe  
  14  0:18  Pylon  
  14  0:24  Probe  
  15  0:32  Probe  
  15  0:38  Gateway  
  15  0:40  Probe  
  16  0:48  Assimilator  
  17  0:52  Probe  
  18  1:00  Probe  
  18  1:08  Probe  
  20  1:25  Nexus  
  20  1:35  Cybernetics Core  
  20  1:41  Assimilator  
  20  1:43  Probe  
  21  1:50  Pylon  
  21  1:55  Probe  
  22  2:02  Stalker  
  22  2:07  Probe  
  25  2:19  Probe  
  25  2:21  Stargate  
  26  2:29  Warp Gate  
  26  2:31  Probe  
  26  2:34  Adept  
  26  2:35  Probe  
  29  2:43  Probe  
  29  2:44  Probe  
  32  2:53  Probe  
  32  2:56  Probe  
  34  3:03  Probe  
  34  3:04  Oracle  
  38  3:08  Probe  
  38  3:09  Assimilator  
  38  3:10  Assimilator  
  38  3:12  Probe  
  40  3:20  Probe x2  
  40  3:22  Pylon  
  42  3:31  Probe  
  42  3:32  Probe  
  44  3:39  Probe  
  44  3:41  Pylon, Oracle  
  44  3:44  Probe  
  44  3:47  Probe  
  44  3:48  Stargate  
  50  3:56  Probe  
  50  3:57  Pylon  
  50  3:58  Probe  
  52  4:08  Probe  
  53  4:10  Probe  
  54  4:20  Oracle  
  54  4:21  Fleet Beacon  
  57  4:35  Nexus  
  57  4:42  Probe x2  
  59  4:45  Pylon  
  59  4:48  Carrier  
  59  4:52  Protoss Air Weapons Level 1  
  59  4:55  Probe x2  
  59  4:59  Carrier  
  67  5:08  Probe x2  
  75  5:17  Assimilator  
  75  5:22  Assimilator  
  75  5:24  Probe x2  
  77  5:28  Pylon  
  77  5:36  Probe  
  77  5:37  Pylon  
  77  5:39  Carrier  
  78  5:44  Stargate  
  78  5:46  Probe  
  78  5:47  Probe  
  78  5:48  Probe  
  81  5:53  Carrier  
  87  5:58  Probe  
  87  5:59  Probe  
  87  6:00  Probe  
  90  6:10  Probe  
  98  6:11  Probe  
  98  6:17  Pylon  
  98  6:18  Probe  
  99  6:20  Carrier  
  99  6:25  Probe x2  
  107  6:33  Pylon  
  107  6:34  Probe  
  107  6:39  Probe  
  109  6:41  Carrier  
  109  6:53  Carrier  
  109  6:54  Forge  
  115  6:59  Pylon  
  115  7:03  Protoss Air Weapons Level 2  
  121  7:09  Pylon  
  121  7:15  Carrier  
  121  7:27  Photon Cannon  
  127  7:31  Photon Cannon  
  127  7:32  Carrier  
  127  7:34  Photon Cannon  
  127  7:38  Photon Cannon  
  127  7:40  Photon Cannon  
  133  7:56  Photon Cannon  
  133  7:57  Carrier  
  139  8:02  Photon Cannon  
  139  8:06  Photon Cannon  
  139  8:12  Pylon  
  139  8:14  Pylon  
  139  8:20  Carrier  
  128  8:34  Carrier  
  137  8:52  Carrier  
  137  9:01  Pylon  
  143  9:03  Pylon  
  141  9:18  Pylon  
  141  9:21  Pylon  
  141  9:24  Pylon  
  153  9:51  Nexus  
Show
View Real Time Build Order
Export as new Build Order

Venser Terran 

Build Orders:  

Get SALT Encoding   

  12  0:03  SCV  
  13  0:13  Supply Depot  
  13  0:18  SCV  
  14  0:30  SCV  
  15  0:41  Barracks  
  15  0:42  SCV  
  16  0:46  Refinery  
  16  0:54  SCV  
  17  1:06  SCV  
  18  1:23  SCV  
  19  1:35  Marine  
  19  1:39  Command Center  
  20  1:48  Orbital Command  
  20  1:58  Barracks Reactor  
  20  2:03  Marine  
  20  2:07  Factory  
  21  2:10  Refinery  
  21  2:16  SCV  
  23  2:31  Supply Depot  
  23  2:34  SCV  
  23  2:35  Barracks Reactor  
  23  2:51  SCV  
  24  2:52  Widow Mine  
  24  2:53  Starport  
  24  2:58  Orbital Command  
  26  3:10  Marine x2  
  28  3:13  Widow Mine  
  30  3:22  SCV  
  30  3:25  SCV  
  32  3:28  Marine x2  
  32  3:32  Medivac  
  36  3:35  Widow Mine  
  36  3:40  Supply Depot  
  38  3:47  Marine x2  
  40  3:51  SCV x2  
  42  3:57  Engineering Bay  
  42  3:58  Factory Tech Lab  
  42  4:02  Supply Depot  
  42  4:11  Marine x2  
  42  4:16  SCV x2  
  46  4:20  Cyclone  
  46  4:21  Starport Tech Lab  
  46  4:23  Terran Infantry Weapons Level 1  
  49  4:25  Missile Turret  
  49  4:26  Missile Turret  
  49  4:32  Supply Depot  
  49  4:36  SCV x2  
  51  4:38  Marine  
  51  4:40  Marine  
  51  4:44  Raven  
  49  5:02  SCV x2  
  49  5:04  Supply Depot  
  51  5:09  Barracks x2  
  51  5:21  Factory Reactor  
  51  5:22  Barracks  
  51  5:24  SCV x2  
  51  5:25  Marine  
  51  5:26  Stimpack  
  54  5:29  Supply Depot  
  54  5:38  SCV x2  
  54  5:39  Starport Reactor  
  56  5:43  Marine  
  57  5:52  Supply Depot  
  57  6:00  Widow Mine x2  
  61  6:06  Marauder  
  61  6:08  Combat Shield, Marine  
  61  6:10  Marine x2  
  66  6:14  SCV x2  
  66  6:16  Medivac, Supply Depot  
  70  6:21  Refinery x2  
  70  6:26  SCV x2  
  70  6:28  Command Center  
  70  6:29  Marine  
  70  6:31  Marine x3  
  76  6:33  Widow Mine x2  
  76  6:39  Terran Infantry Armor Level 1  
  80  6:47  Supply Depot  
  80  6:49  Marine  
  80  6:50  Marine x3  
  80  6:54  SCV x2  
  86  6:57  Widow Mine x2  
  86  7:00  Medivac  
  92  7:07  Marine x2  
  92  7:08  Marine x2  
  95  7:09  Medivac  
  95  7:12  SCV x2  
  95  7:15  Supply Depot  
  100  7:20  Widow Mine x2  
  100  7:22  Supply Depot  
  104  7:28  SCV x2  
  106  7:30  Armory  
  106  7:31  Engineering Bay  
  106  7:40  Concussive Shells  
  106  7:41  Missile Turret  
  106  7:42  Widow Mine x2  
  106  7:44  Marauder  
  112  7:48  Supply Depot  
  112  8:03  Widow Mine  
  114  8:08  Barracks  
  114  8:21  Missile Turret  
  60  8:52  Marine x3  
  60  8:55  Barracks Reactor  
  64  9:00  Medivac x2  
  67  9:03  Orbital Command  
  67  9:10  Barracks, Marine x2  
  67  9:11  Widow Mine  
  67  9:13  Marine  
  67  9:15  Marine x2  
  74  9:19  SCV x2  
  74  9:20  Missile Turret  
  76  9:25  Command Center  
  76  9:32  SCV x2  
  76  9:33  Supply Depot  
  76  9:34  Marine x2, Supply Depot  
  76  9:35  Marine  
  81  9:41  Widow Mine, Marine  
  81  9:42  Marine x2  
  81  9:43  Marine  
  81  9:44  SCV  
  88  9:58  Barracks  
Tags
 
Add a new tag
Caveats
  • Supply blocks, unpowered buildings, or Contaminate may cause inaccurate times.
  • Supply counts are checked every 10 seconds.